 Dungeon Sprint DCSS version 0.19.5 (webtiles) character file.

255 equalderp2856 the Summoner (level 5, -16/21 HPs)
             Began as a Felid Summoner on Mar 8, 2017.
             Killed from afar by a steam dragon (20 damage)
             ... with a ball of steam
             ... in the Dungeon (Sprint VII: "The Pits").
             The game lasted 00:16:19 (3377 turns).

equalderp2856 the Summoner (Felid Summoner)         Turns: 3377, Time: 00:16:20

Health: -16/21     AC:  2    Str:  7    XL:     5   Next: 91%
Magic:  8/16       EV: 21    Int: 21    God:
Gold:   0          SH:  0    Dex: 17    Spells: 2 memorised, 16 levels left
                                        Lives:  0   Deaths: 1

rFire  . . .     SeeInvis +       - Unarmed
rCold  . . .     Gourm    .     (armour unavailable)
rNeg   . . .     Faith    .     (shield unavailable)
rPois  .         Spirit   .     (helmet unavailable)
rElec  .         Reflect  .     (cloak unavailable)
rCorr  .         Harm     .     (gloves unavailable)
MR     .....     NoTele   +     (boots unavailable)
Stlth  ++++......               (no amulet)
                                n - +3 ring of strength
                                m - +3 ring of intelligence

@: quick
A: no armour, no weapons or thrown items, stealth, claws 1, fangs 3, see
invisible, carnivore 3, speed 1, shaggy fur 2, slow metabolism 1, sharp paws
a: no special abilities


You were in the Dungeon.
You were not hungry.

You visited 1 branch

Inventory:

Jewellery
 m - a +3 ring of intelligence (left paw)
 n - a +3 ring of strength (right paw)
Scrolls
 h - a scroll of blinking
 j - 3 scrolls of remove curse
 k - 5 scrolls of amnesia
 l - a scroll of summoning
Potions
 c - 8 potions of curing
 d - 8 potions of heal wounds
 e - 2 potions of haste
 f - 4 potions of magic
 g - 3 potions of berserk rage
 i - 2 potions of invisibility
 o - 2 potions of might
 p - a potion of resistance
 q - a potion of agility
Books
 a - a book of Callings

   Spells                             Type                      Level
   a - Summon Small Mammal            Summoning                    1
   b - Call Imp                       Summoning                    2
   c - Call Canine Familiar           Summoning                    3
   d - Summon Guardian Golem          Hexes/Summoning              3
   e - Summon Lightning Spire         Summoning/Air                4
   f - Summon Ice Beast               Ice/Summoning                4
Comestibles
 b - 8 meat rations


   Skills:
 + Level 0.8 Fighting
 + Level 5.8 Dodging
 + Level 7.2 Stealth
 + Level 5.0 Unarmed Combat
 + Level 7.9 Spellcasting
 + Level 10.0 Summonings


You had 16 spell levels left.
You knew the following spells:

 Your Spells              Type           Power        Failure   Level  Hunger
a - Summon Small Mammal   Summ           ####         1%          1    None
b - Call Imp              Summ           ######..     1%          2    None


Dungeon Overview and Level Annotations

Branches:
Dungeon (1/1)

Altars:
Ashenzari
Cheibriados
Dithmenos
Elyvilon
Fedhas
Gozag
Hepliaklqana
Kikubaaqudgha
Makhleb
Nemelex Xobeh
Okawaru
Qazlal
Ru
Sif Muna
Trog
Uskayaw
Vehumet
Xom
Yredelemnul
Zin
The Shining One
Beogh
Jiyva
Lugonu


Innate Abilities, Weirdness & Mutations

You cannot wear armour.
You are incapable of wielding weapons or throwing items.
Your paws allow you to move quietly. (Stealth)
You have sharp claws.
You have razor-sharp teeth.
You have supernaturally acute eyesight. (SInv)
You are carnivorous and can eat meat at any time.
You cover ground quickly.
You are covered in thick fur. (AC +2)
You have a slow metabolism.
Your sharp claws are effective at attacking unaware monsters.


Message History

A shadowy apparition takes form in the air.
Your crimson imp disappears in a puff of smoke!
Your shadow imp gestures at the steam dragon.
The steam dragon struggles to resist.
Your white imp gestures at the steam dragon.
The puff of frost hits the steam dragon.
The steam dragon breathes steam at you. The ball of steam misses you.
You scratch the steam dragon but do no damage.
The steam dragon is heavily wounded.
You barely miss the steam dragon.
The steam dragon is heavily wounded.
You are engulfed in a cloud of scalding steam.
The steam dragon bites you.
* * * LOW HITPOINT WARNING * * *
The steam dragon completely misses you. The steam dragon breathes steam at you.
The ball of steam hits you!
Ouch! That really hurt!
You die...

#############.................
#__________##.............§...
#__________###########''######
#____#####'###########''######
######)))#.##................#
#%?(.')))'.##......#..#......#
##########.##................+
#.D...(...)§'................+
#'#####'#####@.5...#..#......#
#.#..#.(#..##.D5.............#
#.#..').)..#####5#####++######
#T##'####'###.......#
#.#........##.......#
#D#........##.......#
#5#####'#####...<...#
#.#..[)))..##.......#
#.#..[)))..##.......#


You could see a steam dragon, 2 friendly white imps and a friendly shadow imp.

Vanquished Creatures
  A floating eye (D)
  An orc warrior (D)
  An orc wizard (D)
  A hound (D)
  An ufetubus (D)
  An ooze (D)
  A hobgoblin (D)
  5 jackals (D)
  A kobold (D)
13 creatures vanquished.

Vanquished Creatures (collateral kills)
  A floating eye (D)
  A phantom (D)
  An ogre (D)
  A small abomination (D)
  A big kobold (D)
  A bullfrog (D)
  A jelly (D)
  A mummy (D)
  An ufetubus (D)
  An ooze (D)
  A leopard gecko (D)
  An orc (D)
  A kobold (D)
  A goblin (D)
14 creatures vanquished.

Vanquished Creatures (others)
  A tyrant leech (D)
  An eye of draining (D)
  An adder simulacrum (D)
  A frilled lizard (D)
4 creatures vanquished.

Grand Total: 31 creatures vanquished

Notes
Turn   | Place    | Note
-------+----------+-------------------------------------------
     0 | D        | equalderp2856 the Felid Summoner began the quest for the Orb.
     0 | D        | Reached XP level 1. HP: 7/7 MP: 4/4
    60 | D        | Found a radiant altar of Vehumet.
    60 | D        | Found a hide-covered altar of Uskayaw.
    60 | D        | Found an ancient bone altar of Kikubaaqudgha.
    60 | D        | Found a viscous altar of Jiyva.
    60 | D        | Found a hazy altar of Hepliaklqana.
    61 | D        | Found a bloodstained altar of Trog.
    61 | D        | Found a deep blue altar of Sif Muna.
    61 | D        | Found a sacrificial altar of Ru.
    61 | D        | Found a stormy altar of Qazlal.
    61 | D        | Found an iron altar of Okawaru.
    61 | D        | Found a sparkling altar of Nemelex Xobeh.
    61 | D        | Found an opulent altar of Gozag.
    61 | D        | Found a blossoming altar of Fedhas.
    61 | D        | Found a white marble altar of Elyvilon.
    61 | D        | Found a shadowy altar of Dithmenos.
    61 | D        | Found a snail-covered altar of Cheibriados.
    62 | D        | Found a glowing golden altar of the Shining One.
    62 | D        | Found a glowing silver altar of Zin.
    64 | D        | Found a roughly hewn altar of Beogh.
    64 | D        | Found a burning altar of Makhleb.
    64 | D        | Found a basalt altar of Yredelemnul.
    65 | D        | Found a shattered altar of Ashenzari.
    65 | D        | Found a corrupted altar of Lugonu.
    65 | D        | Found a shimmering altar of Xom.
   146 | D        | Killed an eye of draining
   158 | D        | Reached skill level 5 in Summonings
   220 | D        | Reached XP level 2. HP: 6/11 MP: 1/6
   446 | D        | Learned a level 2 spell: Call Imp
   462 | D        | Noticed a big kobold
   489 | D        | Killed a big kobold
   489 | D        | Reached skill level 1 in Unarmed Combat
   489 | D        | Reached skill level 6 in Summonings
   489 | D        | Reached XP level 3. HP: 10/14 MP: 1/9
   510 | D        | Noticed a floating eye
   512 | D        | Killed a floating eye
   512 | D        | Reached skill level 5 in Stealth
   512 | D        | Reached skill level 7 in Summonings
   512 | D        | Reached XP level 4. HP: 10/18 MP: 3/11
   690 | D        | Noticed a floating eye
   713 | D        | Paralysed by a floating eye for 4 turns
   725 | D        | Paralysed by a floating eye for 4 turns
   740 | D        | Killed a floating eye
   740 | D        | Reached skill level 5 in Dodging
   740 | D        | Reached skill level 5 in Spellcasting
   740 | D        | Reached skill level 8 in Summonings
   740 | D        | Reached XP level 5. HP: 21/21 MP: 5/14
   957 | D        | Noticed an orc warrior
  1061 | D        | Gained mutation: You are covered in thick fur. (AC +2) [Felid growth]
  1061 | D        | Reached XP level 6. HP: 19/25 MP: 1/16
  1061 | D        | Killed a tyrant leech
  1079 | D        | Killed an orc warrior
  1079 | D        | Reached skill level 9 in Summonings
  1845 | D        | Reached skill level 5 in Unarmed Combat
  1845 | D        | Reached skill level 10 in Summonings
  1988 | D        | Noticed a deep troll
  1988 | D        | Noticed a steam dragon
  1997 | D        | HP: 1/25 [something/ball of steam (24)]
  2794 | D        | Mangled by a deep troll
  2795 | D        | Reached XP level 5. HP: -8/21 MP: 16/16
  3377 | D        | Killed from afar by a steam dragon

Skill      XL: |  1  2  3  4  5  6 |
---------------+-------------------+-----
Dodging        | 3 4 5 |  5.8
Summonings     | 5 6 7 8 10 | 10.0
Stealth        | 3 4 5 6 7 |  7.2
Spellcasting   | 3 4 5 6 7 |  7.9
Unarmed Combat | 1 3 4 5 |  5.0
Fighting       | |  0.8

Action                   |  1- 3 |  4- 6 || total
-------------------------+-------+-------++-------
Melee: Unarmed           |    26 |    50 ||    76
       Bite              |     2 |     4 ||     6
       Punch             |       |     2 ||     2
 Cast: Summon Small Mamm |    15 |     4 ||    19
       Call Imp          |     4 |    88 ||    92
 Stab: Sleeping          |     2 |     2 ||     4
       Distracted        |     1 |     2 ||     3
  Eat: Chunk             |     3 |       ||     3
Armor: Skin              |     3 |     3 ||     6
Dodge: Dodged            |    36 |    49 ||    85
